 Dungeon Crawl Stone Soup version 0.30-a0-3-gc9032a9cac (webtiles) character file.

Game seed: 2585439382673871091

5 BritishOli the Trooper (level 1, 0/18 HPs)
             Began as a Demonspawn Fighter on Aug 20, 2022.
             Slain by a jackal (3 damage)
             ... on level 1 of the Dungeon.
             The game lasted 00:00:11 (149 turns).

BritishOli the Trooper (Demonspawn Fighter)          Turns: 149, Time: 00:00:12

Health: 0/18       AC:  6    Str: 16    XL:     1   Next: 66%
Magic:  1/1        EV:  8    Int:  9    God:
Gold:   17         SH:  4    Dex: 12    Spells: 0/0 levels left

rFire   . . .      SeeInvis .    a - +0 long sword
rCold   . . .      Faith    .    c - +0 buckler
rNeg    . . .      Spirit   .    b - +0 scale mail
rPois   .          Reflect  .    (no helmet)
rElec   .          Harm     .    (no cloak)
rCorr   .          Rampage  .    (no gloves)
Will    .....                    (no boots)
Stlth   ..........               (no amulet)
HPRegen 0.06/turn                (no ring)
MPRegen 0.07/turn                (no ring)

@: no status effects
A: no striking features
a: no special abilities


You were on level 1 of the Dungeon.
You visited 1 branch of the dungeon, and saw 1 of its levels.

You collected 17 gold pieces.

Inventory:

Hand Weapons
 a - a +0 long sword (weapon)
Armour
 b - a +0 scale mail (worn)
 c - a +0 buckler (worn)
Potions
 d - a potion of might
 e - a potion of curing {unknown}


   Skills:
 + Level 3.1 Fighting
 + Level 1.9 Long Blades
 + Level 2.8 Armour
 + Level 2.8 Shields


You couldn't memorise any spells.
You didn't know any spells.
Your spell library was empty.

Dungeon Overview and Level Annotations

Branches:
Dungeon (1/15)

Altars:


Message History

The jackal barely misses you. The jackal bites you.
There are monsters nearby!
You hit the jackal.
The jackal is severely wounded.
The jackal bites you. You block the jackal's attack.
The hobgoblin hits you but does no damage.
You block the jackal's attack.
The jackal bites you but does no damage.
There are monsters nearby!
You are too injured to fight recklessly!
You are too injured to fight recklessly!
You are too injured to fight recklessly!
You are too injured to fight recklessly!
You are too injured to fight recklessly!
You hit the jackal but do no damage.
The jackal is heavily wounded.
The hobgoblin barely misses you.
The jackal bites you but does no damage. x2
A jackal comes into view.
You block the hobgoblin's attack.
The jackal stops to sniff the ground.
The jackal barely misses you. You block the jackal's attack.
Unknown command.
You barely miss the jackal.
The jackal is heavily wounded.
The jackal barks!
You block the jackal's attack.
The jackal bites you but does no damage.
The hobgoblin hits you but does no damage.
You slash the jackal!
You kill the jackal!
The jackal bites you but does no damage.
The hobgoblin closely misses you. You block the jackal's attack.
The hobgoblin hits you. The jackal attacks as you move away!
You block the jackal's attack. x2
The hobgoblin hits you.
* * * LOW HITPOINT WARNING * * *
You see here a jackal corpse.
The jackal attacks as you move away! The jackal bites you.
You die...

##...##.### ##..# #
#..# #[.######
##........
##†..###### ##.....##
##.......#####.
...####.....@h.[.....
......'.....gh.......
...####..........###.
##.......#.#
##.....##.# ##...##
##+##


You could see 2 jackals and a hobgoblin.

Vanquished Creatures
  A giant cockroach (D:1)
  A hobgoblin (D:1)
  A jackal (D:1)
  A quokka (D:1)
4 creatures vanquished.

Notes
Turn   | Place    | Note
-------+----------+-------------------------------------------
     0 | D:1      | BritishOli the Demonspawn Fighter began the quest for the
                  | Orb.
     0 | D:1      | Reached XP level 1. HP: 18/18 MP: 1/1
   149 | D:1      | Slain by a jackal

Illustrated notes

Levels and vault maps discovered:
D:1:      co_arrival_square_in_a_square_in_a_square, layout_loops_corners,
          minmay_misc_feat_encased

Action                   || total
-------------------------++-------
Melee: Long sword        ||    17
Armor: Scale mail        ||    20
Dodge: Dodged            ||    21
Block: Buckler           ||    12

Table legend: (Time is in decaauts)
 A = Elapsed time spent in this place.
 B = Non-inter-level travel time spent in this place.
 C = Inter-level travel time spent in this place.
 D = Time resting spent in this place.
 E = Time spent auto-exploring this place.
 F = Levels seen in this place.
 G = Mean time per level.
                   A        B        C        D        E       F      G
               +--------+--------+--------+--------+--------+-----+--------+
         Total |    155 |    155 |      0 |      0 |    115 |   1 |  155.0 |
       Dungeon |    155 |    155 |      0 |      0 |    115 |   1 |  155.0 |
               +--------+--------+--------+--------+--------+-----+--------+

Top non-repeatable levels by time:
     D:1: 155 daAuts
